 Dungeon Crawl Stone Soup version 0.14-a0-2443-g5aee772 (webtiles) character file.

356 miro the Skirmisher (level 5, -14/49 HPs)
             Began as a Minotaur Fighter on Feb 6, 2014.
             Demolished by Keoje the merfolk
             ... wielding a +0,+0 trident
             ... created by the player character
              (21 damage)
             ... on Level 4 of the Dungeon.
             The game lasted 00:11:38 (2807 turns).

miro the Skirmisher (Minotaur Fighter)              Turns: 2807, Time: 00:11:38

HP -14/49        AC 13     Str 22      XL: 5   Next: 77%
MP   2/2         EV  3     Int  4      God:
Gold 120         SH 20     Dex 12      Spells:  0 memorised,  4 levels left

rFire  . . .     SeeInvis .     r - +0 orc mace
rCold  + . .     Clarity  .     t - +0 plate armour
rNeg   . . .     Conserve .     c - +0 shield
rPois  .         rCorr    .     (helmet restricted)
rElec  .         rRot     .     (no cloak)
SustAb . .       Spirit   .     A - +0 pair of gloves
rMut   .         Warding  .     (no boots)
Saprov . . .     Stasis   .     (no amulet)
MR     .....                    (no ring)
                                h - ring of protection from cold {unknown}

@: not resistant to hostile enchantments, extremely unstealthy
A: retaliatory headbutt, horns 2, thin skeletal structure 1
a: no special abilities


You were on level 4 of the Dungeon.
You were not hungry.

You visited 1 branch of the dungeon, and saw 4 of its levels.

You collected 120 gold pieces.

Inventory:

Hand weapons
 a - a +0,+0 mace
 r - a +0,+0 orcish mace (weapon)
Armour
 b - a +0 scale mail
 c - a +0 shield (worn)
 t - a +0 plate armour (worn)
 A - a +0 pair of gloves (worn)
Comestibles
 d - a bread ration
 j - a sausage
 p - 3 meat rations
 v - a cheese
 z - 11 grapes
 B - a chunk of giant cockroach flesh
 D - a chunk of goblin flesh
Scrolls
 e - 2 scrolls of magic mapping {unknown}
 g - a scroll of fear {unknown}
 i - a scroll of amnesia {unknown}
 l - a scroll of fog {unknown}
 o - 3 scrolls of identify {unknown}
 q - a scroll of teleportation {unknown}
 u - a scroll of curse armour {unknown}
 w - a scroll of remove curse {unknown}
 y - a scroll of enchant weapon I {unknown}
 C - a scroll of enchant weapon II {unknown}
Jewellery
 h - a ring of protection from cold (left hand) {unknown}
 x - a cursed ring of teleportation {unknown}
Potions
 f - 2 potions of agility
 k - 2 potions of speed {unknown}
 m - 2 potions of restore abilities {unknown}
 n - 2 potions of curing
 s - a potion of invisibility {unknown}
Miscellaneous
 E - a plain deck of changes {drawn: 6}


   Skills:
 + Level 5.6 Fighting
 + Level 4.2 Maces & Flails
 + Level 5.1 Armour
 + Level 2.3 Dodging
 + Level 4.8 Shields


You had 4 spell levels left.
You didn't know any spells.

Dungeon Overview and Level Annotations

Branches:
Dungeon (4/16)
 Temple: D:4-7

Altars:
Nemelex Xobeh


Innate Abilities, Weirdness & Mutations

You reflexively headbutt those who attack you in melee.
You have a pair of horns on your head.
You have a somewhat thin skeletal structure (Dex +2, Stlth).


Message History

The bat barely misses you. You block the bat's attack.
Keoje throws a tomahawk.
The tomahawk hits you!
You see here a tomahawk.
Keoje throws a tomahawk.
The tomahawk hits you!
* * * LOW HITPOINT WARNING * * *
You see here a tomahawk.
The bat barely misses you. You furiously retaliate!
You headbutt the bat. You block the hobgoblin's attack.
The hobgoblin hits you but does no damage.
The bat hits you.
* * * LOW HITPOINT WARNING * * *
The bat hits you but does no damage. You block the bat's attack.
Keoje hits you from afar with a trident.
* * * LOW HITPOINT WARNING * * *
Drink which item? (? for menu, Esc to quit)
You feel better.
It was a potion of curing.
The bat hits you but does no damage.
Keoje hits you from afar with a trident!
You die...

....... #.#.#.#.#
#..............
#..#.#.#.#.#.#..
#................
#..#.#.#.#.#.#... #
.....b..........
#..#.#.#.#.#.#....
#....@.g.(.........
#..#.#.#.#(#.#.....
#......m...........
#..#.#.#.#.#.#.....
..........w.........
....#.#.#.#.#.#.....
..........(.........
#..#.#.#.#.#.#.....
#......<.(.........


You could see Keoje the merfolk, a worm, a hobgoblin and a bat.

Vanquished Creatures
  A phantom (D:3)
  A jelly (D:3)
  3 adders
  A giant mite (D:2)
  4 giant geckos
  5 orcs (D:3)
  2 ball pythons
  9 goblins
  8 hobgoblins
  10 jackals
  7 kobolds
  4 quokkas
  8 bats
  2 giant cockroaches
  10 giant newts
  4 rats
79 creatures vanquished.

Notes
Turn   | Place    | Note
--------------------------------------------------------------
     0 | D:1      | miro, the Minotaur Fighter, began the quest for the Orb.
     0 | D:1      | Reached XP level 1. HP: 19/19 MP: 1/1
   348 | D:1      | Reached XP level 2. HP: 25/27 MP: 1/1
   366 | D:1      | Reached skill level 4 in Armour
  1316 | D:2      | Reached XP level 3. HP: 31/33 MP: 2/2
  1320 | D:2      | Reached skill level 1 in Dodging
  1695 | D:2      | Reached XP level 4. HP: 40/40 MP: 2/2
  2448 | D:3      | Reached XP level 5. HP: 47/47 MP: 2/2
  2588 | D:3      | Noticed a phantom
  2617 | D:3      | Killed a phantom
  2673 | D:3      | Found a sparkling altar of Nemelex Xobeh.
  2695 | D:3      | Gained mutation: You have a somewhat thin skeletal structure (Dex +2, Stlth). [helix card]
  2720 | D:3      | Reached skill level 5 in Fighting
  2720 | D:3      | Reached skill level 5 in Armour
  2734 | D:4      | Noticed Keoje
  2806 | D:4      | HP: 1/49 [Keoje the merfolk/trident[the player character] (3)]
  2807 | D:4      | Demolished by Keoje the merfolk

Action                   |  1- 3 |  4- 6 || total
-------------------------+-------+-------++-------
Melee: Mace              |   115 |    96 ||   211
Evoke: Deck              |       |     6 ||     6
  Use: Potion            |       |     1 ||     1
